 Dungeon Crawl Stone Soup version 0.29.1-14-g9c671dbff4 (webtiles) character file.

Game seed: 6339768850152914152

2374 croobank the Sneak (level 9, 0/58 HPs)
             Began as an Octopode Fire Elementalist on Feb 16, 2023.
             Was an Initiate of Gozag.
             Slain by an orange demon (7 damage)
             ... summoned by an orc sorcerer
             ... while paralysed by an orc sorcerer
             ... on level 7 of the Dungeon.
             The game lasted 00:22:10 (9392 turns).

croobank the Sneak (Octopode Fire Elementalist)     Turns: 9392, Time: 00:22:10

Health: 0/58       AC:  1    Str: 15    XL:     9   Next: 45%
Magic:  9/15       EV:  2    Int: 21    God:    Gozag
Gold:   651        SH:  0    Dex: 13    Spells: 8/17 levels left

rFire   + . .      SeeInvis .   C - +9 spear of the Eggplant {vorpal, rC+ Str+8}
rCold   + + +      Faith    .   (no shield)
rNeg    + . .      Spirit   .   (helmet restricted)
rPois   +          Reflect  .   (no amulet)
rElec   +          Harm     .   B - ring of positive energy
rCorr   +          Rampage  .   I - ring of protection from cold
Will    .....                   (no ring)
Stlth   ++++......              (no ring)
HPRegen 0.19/turn               (no ring)
MPRegen 0.14/turn               (no ring)
                                (no ring)
                                (no ring)

@: paralysed, lethally poisoned (0 -> -11), resistant
A: almost no armour, amphibious, 8 rings, camouflage 1, gelatinous body 1,
(nimble swimmer 1), tentacles
a: Renounce Religion, Potion Petition, Call Merchant, Bribe Branch


You were on level 7 of the Dungeon.
You worshipped Gozag.
Gozag was pleased with you.
You visited 2 branches of the dungeon, and saw 8 of its levels.

You collected 709 gold pieces.
You spent 24 gold pieces at shops.
You paid 34 gold pieces to Gozag.

Inventory:

Hand Weapons
 a - the +6 mace of the Aged Planets {vorpal, *Corrode rElec rPois Will-}
   (You took it off a kobold on level 3 of the Dungeon)

   It inflicts extra damage upon your enemies.
   rElec:     It insulates you from electricity.
   rPois:     It protects you from poison.
   *Corrode:  It may corrode you when you take damage.
   Will:      It decreases your willpower.
 b - a +3 sling
 k - a +0 trident
 l - a +1 whip of venom
 u - a +0 short sword
 C - the +9 spear of the Eggplant (weapon) {vorpal, rC+ Str+8}
   (You found it on level 5 of the Dungeon)

   It inflicts extra damage upon your enemies.
   Str:       It affects your strength (+8).
   rC:        It protects you from cold.
 D - a +0 war axe
 E - a +2 hand axe of venom
 G - a +0 arbalest
Missiles
 m - 4 throwing nets (quivered)
 o - 26 poisoned darts
 A - 4 curare-tipped darts
 L - 16 boomerangs of dispersal
Armour
 t - an orb of wrath
Magical Staves
 q - a staff of poison
Jewellery
 B - a ring of positive energy (left tentacle)
 I - a ring of protection from cold (right tentacle)
Wands
 h - a wand of mindburst (6)
 n - a wand of iceblast (9)
 K - a wand of charming (2)
Scrolls
 f - 2 scrolls of teleportation
 x - a scroll of noise
 y - 4 scrolls of identify
 z - 2 scrolls of poison
 F - a scroll of immolation
 J - a scroll of enchant armour
Potions
 d - a potion of degeneration
 e - 3 potions of mutation
 g - 2 potions of ambrosia
 i - a potion of magic
 j - 2 potions of haste
 p - 2 potions of invisibility
 s - 3 potions of curing
 v - 2 potions of attraction
 w - a potion of might
 H - a potion of lignification


   Skills:
 + Level 4.0 Fighting
 + Level 4.8 Dodging
 + Level 7.0 Stealth
 + Level 4.5 Spellcasting
 + Level 4.6 Conjurations
 + Level 5.4 Fire Magic
 + Level 3.6 Air Magic
 + Level 4.3 Poison Magic


You had 8 spell levels left.
You knew the following spells:

 Your Spells              Type           Power      Damage    Failure   Level
a - Foxfire               Conj/Fire      100%       2x1d9     1%          1
b - Scorch                Fire           54%        2d8       1%          2
c - Mephitic Cloud        Conj/Pois/Air  22%        N/A       6%          3
d - Summon Guardian Gole  Hex/Summ       4%         N/A       34%         3

Your spell library contained the following spells:

 Spells                   Type           Power      Damage    Failure   Level
 Magic Dart               Conj           96%        1d7       1%          1
 Poisonous Vapours        Pois/Air       42%        N/A       3%          2
 Sting                    Tmut/Pois      52%        1d5       4%          1
 Conjure Flame            Conj/Fire      25%        6-21      4%          3
 Inner Flame              Hex/Fire       16%        N/A       11%         3
 Flame Wave               Conj/Fire      25%        2d8       14%         4
 Olgreb's Toxic Radiance  Pois           23%        N/A       19%         4
 Fireball                 Conj/Fire      12%        3d7       36%         5
 Summon Lightning Spire   Summ/Air       12%        N/A       47%         4
 Irradiate                Conj/Tmut      7%         3d14      77%         5
 Storm Form               Tmut/Air       6%         N/A       100%        7
 Maxwell's Capacitive Co  Air            10%        ∞         100%        8


Dungeon Overview and Level Annotations

Branches:
Dungeon (7/15)             Temple (1/1) D:4

Altars:
Ashenzari
Cheibriados
Dithmenos
Elyvilon
Fedhas
Gozag
Hepliaklqana
Kikubaaqudgha
Makhleb
Nemelex Xobeh
Okawaru
Qazlal
Ru
Sif Muna
Trog
Uskayaw
Vehumet
Wu Jian
Xom
Yredelemnul
Zin
The Shining One

Shops:
D:2 ?


Innate Abilities, Weirdness & Mutations

You cannot wear most types of armour.
You are amphibious.
You can wear up to eight rings at the same time.
Your skin changes colour to match your surroundings (Stealth+).
Your rubbery body absorbs attacks. (AC +1, EV +1)
((You are camouflaged when in or above water. (Stealth+)))
You have tentacles for arms and can constrict up to eight enemies at once.


Message History

The foxfire hits the orc sorcerer.
The orc sorcerer is lightly wounded.
The orc sorcerer gestures wildly while chanting.
Casting: Foxfire (safe; 1% risk of failure)
Confirm with . or Enter, or press ? or * to list all spells.
Flames lash the orc sorcerer.
The orc sorcerer is heavily wounded.
The orc sorcerer's fire resistance burns away.
Casting: Scorch (safe; 1% risk of failure)
Confirm with . or Enter, or press ? or * to list all spells.
Flames lash the orc sorcerer.
The orc sorcerer is burned terribly!
The orc sorcerer is heavily wounded.
You hear a shout!
The orc sorcerer points at you and mumbles some strange words.
You suddenly lose the ability to move!
The orc sorcerer hits you with a +0 dagger!
The orange demon stings you from afar!
You are lethally poisoned!
The orange demon poisons you!
You can move again.
Okay, then.
You feel much better.
You feel extremely sick. The orc sorcerer barely misses you.
The orange demon stings you from afar!
You feel much better.
You feel very sick.
An orc comes into view. It is wielding a +0 mace.
The orc sorcerer hits you with a +0 dagger.
The orange demon closely misses you.
You feel protected.
You feel very sick.
The orc sorcerer gestures at you while chanting.
You suddenly lose the ability to move!
The orange demon stings you from afar!
You feel very sick.
The orc sorcerer points at you and mumbles some strange words.
The bolt of fire hits you! You resist.
* * * LOW HITPOINT WARNING * * *
The orange demon stings you from afar!
You die...
Your body crumbles into a pile of gold.

#.. .. .# #.. .#
.# #.# .. .##
##.# . .. +...
.#.# ##.# #4.#
#.# .. #o.# #.#
....###@.# ###.#
#......# #+#
#.... #####.##
#.# #.#.. #.#
##.####.### #.#
#.......### #.#
###<..###....
#.#
##......##.###
#.###.#....###.#
# #....###..##
#.# #


You could see an orange demon (summoned) and an orc sorcerer (combustible).

Vanquished Creatures
  2 water moccasins (D:5)
  An orc warrior (D:6)
  2 ogres
  3 centaurs
  2 phantoms (D:5)
  3 kobold brigands
  A scorpion (D:5)
  2 necrophages
  A howler monkey (D:5)
  2 orc priests (D:5)
  6 hounds
  3 jellies
  2 gnoll boudas
  3 iguanas
  3 orc wizards (D:5)
  12 gnolls
  13 adders
  2 shadow imps (D:7)
  2 white imps
  An ufetubus (D:4)
  5 dart slugs
  18 orcs
  5 ball pythons
  7 endoplasms
  2 giant cockroaches (D:2)
  8 goblins
  9 hobgoblins
  3 jackals
  4 quokkas
  6 bats
  13 kobolds
  25 rats
171 creatures vanquished.

Vanquished Creatures (others)
  The ghost of croobank the Sneak, an amateur OpDe of Gozag (D:4)
  2 bullfrog zombies (D:4)
  360 foxfires
363 creatures vanquished.

Grand Total: 534 creatures vanquished

Notes
Turn   | Place    | Note
-------+----------+-------------------------------------------
     0 | D:1      | croobank the Octopode Fire Elementalist began the quest for
                  | the Orb.
     0 | D:1      | Reached XP level 1. HP: 11/11 MP: 3/3
   148 | D:1      | Reached XP level 2. HP: 17/17 MP: 0/5
   208 | D:1      | Reached skill level 3 in Stealth
   468 | D:2      | Reached XP level 3. HP: 20/21 MP: 1/6
   518 | D:2      | Learned a level 2 spell: Scorch
   545 | D:3      | Noticed a necrophage
  1324 | D:2      | Reached XP level 4. HP: 19/27 MP: 2/7
  1502 | D:2      | Found Qamepneu's Magic Scroll Shop.
  1510 | D:2      | Bought a scroll of identify for 24 gold pieces
  1754 | D:2      | Reached skill level 1 in Fighting
  1988 | D:2      | Reached XP level 5. HP: 33/33 MP: 4/8
  2444 | D:3      | Reached skill level 4 in Stealth
  2739 | D:3      | Reached XP level 6. HP: 38/38 MP: 3/10
  2910 | D:3      | Identified the +6 mace of the Aged Planets {vorpal,
                  | *Corrode rElec rPois Will-}
  2937 | D:3      | Identified a scroll of acquirement
  2937 | D:3      | Acquired the Directory of Collective Concussion
  2943 | D:3      | Learned a level 3 spell: Mephitic Cloud
  2947 | D:3      | Learned a level 3 spell: Summon Guardian Golem
  3153 | D:3      | Found a glowing golden altar of the Shining One.
  3162 | D:3      | Found an ornate altar of the Wu Jian Council.
  3369 | D:4      | Found a sacrificial altar of Ru.
  3541 | D:4      | Noticed croobank's ghost (amateur OpDe)
  3567 | D:4      | Found a runed translucent gate.
  3568 | D:4      | Found a runed translucent gate.
  3569 | D:4      | Found a runed translucent gate.
  3618 | D:4      | Found a white marble altar of Elyvilon.
  3730 | D:4      | HP: 1/39 [orc/+0 flail (9)]
  4037 | D:4      | Found a staircase to the Ecumenical Temple.
  4043 | Temple   | Entered the Ecumenical Temple
  4102 | Temple   | Became a worshipper of Gozag Ym Sagoz the Greedy
  4435 | D:4      | Reached skill level 1 in Poison Magic
  4480 | D:4      | Reached skill level 1 in Air Magic
  4654 | D:4      | Reached XP level 7. HP: 45/45 MP: 8/11
  5074 | D:4      | Killed croobank's ghost
  5075 | D:4      | Reached skill level 5 in Stealth
  5354 | D:5      | Entered Level 5 of the Dungeon
  5597 | D:5      | Found a basalt altar of Yredelemnul.
  5780 | D:5      | Identified the +9 spear of the Eggplant {vorpal, rC+ Str+8}
  5792 | D:5      | Reached XP level 8. HP: 51/51 MP: 6/13
  6687 | D:5      | Reached skill level 6 in Stealth
  7687 | D:5      | Reached skill level 5 in Fire Magic
  7986 | D:6      | Reached XP level 9. HP: 57/57 MP: 10/15
  9146 | D:7      | Reached skill level 7 in Stealth
  9380 | D:7      | Noticed an orc sorcerer
  9384 | D:7      | Noticed a smoke demon
  9385 | D:7      | Noticed an orange demon
  9386 | D:7      | Paralysed by an orc sorcerer for 3 turns
  9391 | D:7      | Paralysed by an orc sorcerer for 5 turns
  9392 | D:7      | Slain by an orange demon

Illustrated notes

Levels and vault maps discovered:
D:1:      noname_arrival_rooms_in_the_neighbourhood, layout_rooms,
          amethyst_killhole, corexii_leaking_fountain,
          nicolae_figureground_pulse
D:2:      layout_basic, serial_shops, shop
D:3:      layout_rooms, minitemple, minmay_rat_hole
D:4:      layout_loops_corners, elyvilon_altar_4,
          nicolae_ru_great_annihilating_truth, minmay_temple_entry_hall,
          gammafunk_ghost_necromancy
D:5:      layout_gridville, mainiacjoe_overflow_chevrons, nrook_uturn
D:6:      layout_cave_pools
D:7:      minmay_the_grid_plus [minmay_the_grid_garden, minmay_the_grid_expand,
          minmay_the_grid_tri_star, minmay_the_grid_box_x,
          minmay_the_grid_prize_diamond_cup], layout_loops_corners,
          minmay_unpleasant_kobolds
Temple:   minmay_crystal_spiral_temple

Skill      XL: |  1  2  3  4  5  6  7  8  9 |
---------------+----------------------------+-----
Stealth        | 3 4 5 6 7 |  7.0
Fighting       | 1 2 3 4 |  4.0
Conjurations   | 2 3 4 |  4.6
Dodging        | 3 4 |  4.8
Spellcasting   | 3 4 |  4.5
Fire Magic     | 4 5 |  5.4
Poison Magic   | 1 2 3 4 |  4.3
Air Magic      | 1 2 3 |  3.6

Action                   |  1- 3 |  4- 6 |  7- 9 || total
-------------------------+-------+-------+-------++-------
Melee: Unarmed           |    13 |       |       ||    13
       Constrict         |     6 |     7 |     6 ||    19
       Tentacles         |     2 |     4 |     9 ||    15
       Short sword       |     5 |    21 |       ||    26
       Punch             |       |     1 |       ||     1
       Mace              |       |    19 |    12 ||    31
       Spear             |       |       |    36 ||    36
 Fire: Sling             |       |    40 |       ||    40
 Cast: Foxfire           |    60 |    76 |    80 ||   216
       Scorch            |     1 |    10 |    62 ||    73
       Summon Guardian G |       |       |     1 ||     1
Evoke: Wand              |       |     1 |       ||     1
  Use: Scroll            |       |    14 |     7 ||    21
       Potion            |       |     1 |     5 ||     6
 Stab: Sleeping          |       |     8 |     3 ||    11
Armor: Skin              |     1 |     2 |     3 ||     6
Dodge: Dodged            |    12 |    47 |    61 ||   120
